 Dungeon Crawl Stone Soup version 0.23-a0-612-gcb482e9 (webtiles) character file.

27 Borgoz the Skirmisher (level 3, 0/31 HPs)
             Began as a Ghoul Abyssal Knight on Dec 21, 2018.
             Was a Follower of Lugonu.
             Slain by an adder (6 damage)
             ... on level 2 of the Dungeon.
             The game lasted 00:00:51 (718 turns).

Borgoz the Skirmisher (Ghoul Abyssal Knight)         Turns: 718, Time: 00:00:52

Health: 0/31       AC:  3    Str: 15    XL:     3   Next: 10%
Magic:  3/3        EV: 11    Int:  7    God:    Lugonu [*.....]
Gold:   59         SH:  0    Dex:  9    Spells: 2/2 levels left

rFire    . . .     SeeInvis .     - Unarmed
rCold    + . .     Gourm    .   (no shield)
rNeg     + + +     Faith    .   a - +0 leather armour
rPois    ∞         Spirit   .   (no helmet)
rElec    .         Reflect  .   (no cloak)
rCorr    .         Harm     +   (no gloves)
MR       .....                  (no boots)
Stlth    +.........             j - amulet of harm
HPRegen  0.00/turn              (no ring)
MPRegen  0.08/turn              (no ring)

@: rotting
A: rotting body, claws 1, carnivore, cold resistance 1, negative energy
resistance 3, inhibited regeneration, torment resistance, unbreathing
a: Depart the Abyss, Renounce Religion


You were on level 2 of the Dungeon.
You worshipped Lugonu.
Lugonu was aware of your devotion.
You were not hungry.

You visited 1 branch of the dungeon, and saw 2 of its levels.
You visited the Abyss 1 time.

You collected 59 gold pieces.

Inventory:

Armour
 a - a +0 leather armour (worn)
Jewellery
 d - an uncursed ring of resist corrosion {unknown}
 j - an amulet of harm (around neck)
Scrolls
 c - a scroll of random uselessness {unknown}
 g - a scroll of fog {unknown}
 h - 2 scrolls of identify {unknown}
Potions
 e - 3 potions of curing {unknown}
 i - a potion of mutation {unknown}
Comestibles
 b - 6 rations


   Skills:
 + Level 3.5 Fighting
 + Level 2.1 Armour
 + Level 1.3 Dodging
 + Level 2.5 Unarmed Combat
 + Level 2.4 Invocations


You had 2 spell levels left.
You didn't know any spells.
Your spell library was empty.

Dungeon Overview and Level Annotations

Branches:
Dungeon (2/15)

Altars:


Innate Abilities, Weirdness & Mutations

Your body is rotting away.
You thrive on raw meat.
You are immune to poison.
You have sharp fingernails.
You are carnivorous and can eat meat at any time.
Your flesh is cold resistant. (rC+)
You are immune to negative energy. (rN+++)
You do not regenerate when monsters are visible.
You are immune to unholy pain and torment.
You can survive without breathing.


Message History

Increase (S)trength, (I)ntelligence, or (D)exterity?
You feel agile. The adder bites you.
You barely miss the adder. The adder bites you but does no damage.
You scratch the adder.
The adder is moderately wounded.
The adder barely misses you.
You scratch the adder.
The adder is almost dead.
The adder closely misses you.
You completely miss the adder.
The adder is almost dead.
The adder bites you.
* * * LOW HITPOINT WARNING * * *
The adder bites you.
* * * LOW HITPOINT WARNING * * *
You barely miss the adder.
The adder is almost dead.
The adder bites you.
You die...

. ...... .### .##
#....###.... .
...#...........
#.##.#...[.......
#................
.................
#............
........#S######
..#.[.#.#@#
#.###.#.# # ..#.#
.#######.#
.......<.#
##########


You could see an adder.

Vanquished Creatures
  An adder (D:2)
  A dart slug (D:1)
  2 bats (D:1)
  A goblin (D:1)
  5 kobolds (D:1)
  A ball python (D:1)
  2 frilled lizards (D:1)
  4 rats (D:1)
17 creatures vanquished.

Notes
Turn   | Place    | Note
-------+----------+-------------------------------------------
     0 | Abyss:1  | Borgoz the Ghoul Abyssal Knight began the quest for the
                  | Orb.
     0 | Abyss:1  | Reached XP level 1. HP: 19/19 MP: 1/1
    23 | Abyss:1  | Found a corrupted altar of Lugonu.
    51 | Abyss:1  | Noticed a spatial maelstrom
    51 | Abyss:1  | Noticed a wretched star
    52 | D:1      | Escaped the Abyss
   194 | D:1      | Reached skill level 1 in Dodging
   264 | D:1      | Reached XP level 2. HP: 20/26 MP: 2/2
   308 | D:1      | Reached * piety under Lugonu
   713 | D:2      | Reached XP level 3. HP: 14/31 MP: 3/3
   718 | D:2      | Slain by an adder

Vault maps used:
D:1:      dpeg_arrival_solitude, minivault_23
D:2:      first_ration, uniq_terence
Abyss:1:  guppyfry_abyss_exit_glass_guarded

Skill      XL: |  1  2 |
---------------+-------+-----
Dodging        | 1 |  1.3
Armour         | 2 |  2.1
Fighting       | |  3.5
Unarmed Combat | |  2.5
Invocations    | |  2.4

Action                   || total
-------------------------++-------
Melee: Unarmed           ||    55
Invok: Depart the Abyss  ||     1
  Eat: Chunk             ||     1
Armor: Leather armour    ||    14
Dodge: Dodged            ||    29

Table legend:
 A = Non-vault XP
 B = Vault XP
 C = Vault XP percentage of total XP
 D = Non-vault monster count
 E = Vault monster count
 F = Vault count percentage of total count
                 A         B        C        D         E       F
            +---------+---------+-------+---------+---------+-------
      Total |      39 |       0 |   0.0 |      17 |       0 |   0.0
            +---------+---------+-------+---------+---------+-------
        D:1 |      25 |       0 |   0.0 |      16 |       0 |   0.0
        D:2 |      14 |       0 |   0.0 |       1 |       0 |   0.0
            +---------+---------+-------+---------+---------+-------
